 Dungeon Crawl Stone Soup version 0.27.1-35-g4d5d836560 (webtiles) character file.

Game seed: 6258355808698150417

45 Delamore the Sneak (level 3, -2/24 HPs)
             Began as an Octopode Brigand on June 7, 2022.
             Slain by a quokka (5 damage)
             ... on level 2 of the Dungeon.
             The game lasted 00:01:21 (1525 turns).

Delamore the Sneak (Octopode Brigand)               Turns: 1525, Time: 00:01:22

Health: -2/24      AC:  1    Str: 10    XL:     3   Next: 64%
Magic:  3/3        EV: 12    Int: 13    God:
Gold:   38         SH:  0    Dex: 14    Spells: 2/2 levels left

rFire    . . .     SeeInvis .   f - +4 whip
rCold    . . .     Faith    .   (no shield)
rNeg     . . .     Spirit   .   (helmet restricted)
rPois    .         Reflect  .   (no amulet)
rElec    .         Harm     .   (no ring)
rCorr    .         Rampage  .   (no ring)
Will     .....                  (no ring)
Stlth    ++++......             (no ring)
HPRegen  0.08/turn              (no ring)
MPRegen  0.08/turn              (no ring)
                                (no ring)
                                (no ring)

@: no status effects
A: almost no armour, amphibious, 8 rings, camouflage 1, gelatinous body 1,
(nimble swimmer 1), tentacles
a: no special abilities


You were on level 2 of the Dungeon.
You visited 1 branch of the dungeon, and saw 2 of its levels.

You collected 38 gold pieces.

Inventory:

Hand Weapons
 a - a +2 dagger
 f - a +4 whip (weapon)
Missiles
 b - 8 poisoned darts (quivered)
Scrolls
 g - a scroll of summoning
 h - a scroll of enchant weapon
Potions
 d - a potion of lignification


   Skills:
 - Level 2.0 Fighting
 - Level 2.5 Short Blades
 * Level 1.9 Maces & Flails
 + Level 2.7 Throwing
 - Level 1.0 Dodging
 - Level 5.3 Stealth


You had 2 spell levels left.
You didn't know any spells.
Your spell library was empty.

Dungeon Overview and Level Annotations

Branches:
Dungeon (2/15)

Altars:

Annotations:
D:2 Sigmund


Innate Abilities, Weirdness & Mutations

You cannot wear most types of armour.
You are amphibious.
You can wear up to eight rings at the same time.
Your skin changes colour to match your surroundings (Stealth+).
Your rubbery body absorbs attacks. (AC +1, EV +1)
((You are camouflaged near water. (Stealth+)))
You have tentacles for arms and can constrict up to eight enemies at once.


Message History

Sigmund hits you with a +0 scythe.
Throw: 2 darts (curare)
Press: ? - help, Q - select action, (/) - cycle Shift-Dir - straight line, f - Sigmund
Aim: Sigmund, wielding a +0 scythe and wearing a +0 robe (lightly wounded, constricted by you, 90% to hit)
You throw a curare-tipped dart. The curare-tipped dart hits Sigmund.
Sigmund is poisoned.
Sigmund convulses.
Sigmund seems to slow down.
Sigmund is moderately wounded.
You constrict Sigmund.
Throw: dart (curare)
Press: ? - help, Q - select action, (/) - cycle Shift-Dir - straight line, f/p - Sigmund
Aim: Sigmund, wielding a +0 scythe and wearing a +0 robe (moderately wounded, constricted by you, very poisoned, slow, 90% to hit)
You throw a curare-tipped dart.
The curare-tipped dart barely misses Sigmund.
You constrict Sigmund.
You release your grip on Sigmund.
Sigmund completely misses you. The quokka bites you.
* * * LOW HITPOINT WARNING * * *
Sigmund casts a spell.
Sigmund flickers and vanishes!
Deactivating autopickup; reactivate with Ctrl-A.
The bat barely misses you. The quokka closely misses you.
The quokka twitches its whiskers.
The bat hits you but does no damage. x2
The bat misses you. The quokka bites you.
* * * LOW HITPOINT WARNING * * *
The bat closely misses you.
The quokka twitches its whiskers.
The bat hits you.
* * * LOW HITPOINT WARNING * * *
You see here a +0 robe.
The bat barely misses you.
Okay, then.
The quokka bites you.
* * * LOW HITPOINT WARNING * * *
You closely miss the quokka. You grab the quokka.
You constrict the quokka, but do no damage.
The quokka bites you.
You die...

.........##................#
..b#.#....#.#.########.###.#
##.#.#....#.#.##........#
#.#......#.#.##.#####..#
..##.......#.##.#####..#
...#..####..b..........#
#...##......#.##b#####.##
#... #.........#r# #.......#
#...##....#@#########.##
#...##....#.#.....# ..
#...##.####.#.###.##.#
#...#... #..........##
#.#.#.....###.).......#
..#...........†...#####
#.....#.### #.....+...#
#.....#.#.#


You could see a quokka and a bat.

Vanquished Creatures
  An adder (D:2)
  3 dart slugs (D:1)
  3 ball pythons (D:1)
  6 endoplasms (D:1)
  2 goblins (D:1)
  2 hobgoblins (D:1)
  2 jackals (D:1)
  A kobold (D:1)
  3 bats
  3 frilled lizards
  A rat (D:2)
27 creatures vanquished.

Notes
Turn   | Place    | Note
-------+----------+-------------------------------------------
     0 | D:1      | Delamore the Octopode Brigand began the quest for the Orb.
     0 | D:1      | Reached XP level 1. HP: 14/14 MP: 1/1
   428 | D:1      | Reached XP level 2. HP: 19/19 MP: 2/2
   728 | D:1      | Reached skill level 1 in Maces & Flails
  1025 | D:1      | Reached XP level 3. HP: 20/24 MP: 3/3
  1097 | D:1      | Found a faded altar of an unknown god.
  1496 | D:2      | Noticed Sigmund
  1525 | D:2      | Slain by a quokka

Illustrated notes

Levels and vault maps discovered:
D:1:      evilmike_arrival_fibonacci_small, layout_loops_ring,
          shapermc_ecumenical_altar_pompeii
D:2:      layout_basic, chequers_big_river, minmay_circle_x, uniq_natasha,
          uniq_sigmund

Skill      XL: |  1  2 |
---------------+-------+-----
Maces & Flails | 1 |  1.9
Fighting       | |  2.0
Short Blades   | |  2.5
Throwing       | |  2.7
Dodging        | |  1.0
Stealth        | |  5.3

Action                   || total
-------------------------++-------
Melee: Dagger            ||    14
       Constrict         ||    12
       Whip              ||    40
       Tentacles         ||     3
Throw: Dart              ||     2
  Use: Scroll            ||     3
 Stab: Sleeping          ||    13
Armor: Skin              ||     5
Dodge: Dodged            ||    30
